AAA
WILKES-BARRE BARONS @ BIRMINGHAM BARONS
04/23/2052
 
TOP OF THE 1ST
Maine Grizzlies batting - Pitching for Orlando Wizards : RHP Raiden Wilson
Pitching: RHP Raiden Wilson
Batting: RHB Matt Clark 0-0: Foul Ball, location: 2F
0-1: Ball
1-1: Foul Ball, location: 2F
1-2: Foul Ball, location: 2F
1-2: Fly out, F4 (Popup, 3D, EV 53.1 MPH)
Batting: SHB Santiago Siri 0-0: SINGLE (Groundball, 34S, EV 71.2 MPH) (infield hit)
Batting: RHB Jack Cerza 0-0: Called Strike
0-1: Fly out, F9 (Flyball, 9D, EV 103.1 MPH)
Batting: LHB Manny Fuchillo 0-0: Ball
1-0: Ball
2-0: Ball
3-0: Foul Ball, location: 2F
3-1: Swinging Strike
3-2: Fly out, F9 (Line Drive, 9, EV 96.2 MPH)
Top of the 1st over - 0 runs, 1 hit, 0 errors, 1 left on base; Maine 0 - Orlando 0
BOTTOM OF THE 1ST
Orlando Wizards batting - Pitching for Maine Grizzlies : LHP Victor Figueroa
Pitching: LHP Victor Figueroa
Batting: RHB Frank Macias 0-0: Ball
1-0: Ball
2-0: Called Strike
2-1: Foul Ball, location: 2F
2-2: Strikes out swinging
Batting: LHB Bridger Davis 0-0: Ball
1-0: Ball
2-0: Ground out U3 (Groundball, 34, EV 99.4 MPH)
Batting: RHB Ryan DesMarais 0-0: Ball
1-0: Ground out 4-3 (Groundball, 4, EV 91.2 MPH)
Bottom of the 1st over - 0 runs, 0 hits, 0 errors, 0 left on base; Maine 0 - Orlando 0
TOP OF THE 2ND
Maine Grizzlies batting - Pitching for Orlando Wizards : RHP Raiden Wilson
Batting: RHB Oscar Benjamin 0-0: Foul Ball, location: 2F
0-1: Ball
1-1: Ball
2-1: Foul Ball, location: 2F
2-2: Strikes out looking
Batting: RHB Romeo Zaragoza 0-0: Ground out 6-3 (Groundball, 6, EV 86.9 MPH)
Batting: SHB Macario Flores 0-0: Called Strike
0-1: Foul Ball, location: 2F
0-2: Foul Ball, location: 2F
0-2: SOLO HOME RUN (Flyball, 9D, EV 93.8 MPH), Distance : 353 ft
Batting: RHB Bill Church 0-0: Ball
1-0: Called Strike
1-1: Foul Ball, location: 2F
1-2: Ground out 5-3 (Groundball, 56S, EV 68.1 MPH)
Top of the 2nd over - 1 run, 1 hit, 0 errors, 0 left on base; Maine 1 - Orlando 0
BOTTOM OF THE 2ND
Orlando Wizards batting - Pitching for Maine Grizzlies : LHP Victor Figueroa
Batting: LHB Danny Gore 0-0: Swinging Strike
0-1: Ball
1-1: SINGLE (Line Drive, 56D, EV 102.5 MPH)
Batting: SHB Elijah Looney 0-0: Ball
1-0: Called Strike
1-1: SINGLE (Groundball, 56D, EV 95.6 MPH)
Danny Gore to second
Batting: RHB Carey Speer 0-0: Called Strike
0-1: Foul Ball, location: 2F
0-2: Strikes out swinging
Batting: RHB Roberto Moscoso 0-0: Ball
1-0: Ball
2-0: Ball
3-0: Base on Balls
Danny Gore to third
Elijah Looney to second
Batting: LHB Aaron Bush 0-0: Called Strike
0-1: Foul Ball, location: 2F
0-2: Strikes out swinging
Batting: LHB Marcello Jackson 0-0: Ball
1-0: Swinging Strike
1-1: Swinging Strike
1-2: Ball
2-2: Foul Ball, location: 2F
2-2: Strikes out looking
Bottom of the 2nd over - 0 runs, 2 hits, 0 errors, 3 left on base; Maine 1 - Orlando 0
TOP OF THE 3RD
Maine Grizzlies batting - Pitching for Orlando Wizards : RHP Raiden Wilson
Batting: RHB Tony Fortunato 0-0: Called Strike
0-1: Ball
1-1: Ball
2-1: Ground out 5-3 (Groundball, 56, EV 103.8 MPH)
Batting: RHB Matt Clark 0-0: Ball
1-0: Called Strike
1-1: Foul Ball, location: 2F
1-2: Ball
2-2: Fly out, F9 (Flyball, 9D, EV 102.5 MPH)
Batting: SHB Santiago Siri 0-0: Ball
1-0: DOUBLE (Flyball, 78D, EV 99.4 MPH)
Batting: RHB Jack Cerza 0-0: Ball
1-0: DOUBLE (Flyball, 8RXD, EV 93.8 MPH)
Santiago Siri scores
Batting: LHB Manny Fuchillo 0-0: Ball
1-0: SINGLE (Groundball, 6D, EV 100.6 MPH)
Jack Cerza to third
Runner from 3rd tries for Home, SAFE, throw by CF to home
Batting: RHB Oscar Benjamin 0-0: Ball
1-0: Ball
2-0: Ball
3-0: Called Strike
3-1: Foul Ball, location: 2F
3-2: Base on Balls
Manny Fuchillo to second
Batting: RHB Romeo Zaragoza 0-0: Swinging Strike
0-1: Ball
1-1: Ball
2-1: Ground out 1-3 (Groundball, 34S, EV 65.6 MPH)
Top of the 3rd over - 2 runs, 3 hits, 0 errors, 2 left on base; Maine 3 - Orlando 0
BOTTOM OF THE 3RD
Orlando Wizards batting - Pitching for Maine Grizzlies : LHP Victor Figueroa
Batting: RHB Frank Macias 0-0: SINGLE (Groundball, 6M, EV 83.8 MPH) (infield hit)
Batting: LHB Bridger Davis 0-0: Ball
1-0: Foul Ball, location: 2F
1-1: Ball
2-1: Ball
3-1: Grounds into double play, 4-6-3 (Groundball, 4, EV 88.1 MPH)
Batting: RHB Ryan DesMarais 0-0: Ball
1-0: Foul Ball, location: 2F
1-1: Ball
2-1: SINGLE (Line Drive, 8LS, EV 93.8 MPH)
Batting: LHB Danny Gore 0-0: Ball
1-0: Swinging Strike
1-1: 2-RUN HOME RUN (Flyball, 89XD, EV 106.9 MPH), Distance : 429 ft
Batting: SHB Elijah Looney 0-0: Ball
1-0: Fly out, F8 (Flyball, 8RS, EV 84.4 MPH)
Bottom of the 3rd over - 2 runs, 3 hits, 0 errors, 0 left on base; Maine 3 - Orlando 2
TOP OF THE 4TH
Maine Grizzlies batting - Pitching for Orlando Wizards : RHP Raiden Wilson
Batting: SHB Macario Flores 0-0: Called Strike
0-1: Ball
1-1: Ground out 5-3 (Groundball, 56, EV 89.4 MPH)
Batting: RHB Bill Church 0-0: Ball
1-0: Ball
2-0: Foul Ball, location: 2F
2-1: Ball
3-1: Base on Balls
Batting: RHB Tony Fortunato 0-0: Foul Ball, location: 2F
0-1: Fly out, F7 (Flyball, 7S, EV 90.6 MPH)
Batting: RHB Matt Clark 0-0: Called Strike
0-1: Ball
1-1: Foul Ball, location: 2F
1-2: Ball
2-2: Ball
3-2: Base on Balls
Bill Church to second
Batting: SHB Santiago Siri 0-0: Foul Ball, location: 2F
0-1: Ball
1-1: SINGLE (Line Drive, 8RS, EV 105.0 MPH)
Bill Church to third
Matt Clark to second
Runner from 3rd tries for Home, SAFE, throw by CF to home
Batting: RHB Jack Cerza 0-0: Ball
1-0: Called Strike
1-1: Ball
2-1: SINGLE (Line Drive, 89S, EV 88.1 MPH)
Matt Clark to third
Santiago Siri to second
Runner from 3rd tries for Home, SAFE, throw by CF to home
Pitching: LHP Anthony Baltodano
Batting: LHB Manny Fuchillo 0-0: Called Strike
0-1: Foul Ball, location: 2F
0-2: Strikes out looking
Top of the 4th over - 2 runs, 2 hits, 0 errors, 2 left on base; Maine 5 - Orlando 2
BOTTOM OF THE 4TH
Orlando Wizards batting - Pitching for Maine Grizzlies : LHP Victor Figueroa
Batting: RHB Carey Speer 0-0: Ball
1-0: Fly out, F9 (Flyball, 89D, EV 106.9 MPH)
Batting: RHB Roberto Moscoso 0-0: Swinging Strike
0-1: Foul Ball, location: 2F
0-2: Ball
1-2: Fly out, F8 (Flyball, 8RM, EV 83.8 MPH)
Batting: LHB Aaron Bush 0-0: Ball
1-0: DOUBLE (Line Drive, 78D, EV 106.9 MPH)
Batting: LHB Marcello Jackson 0-0: Foul Ball, location: 2F
0-1: Ball
1-1: Foul Ball, location: 2F
1-2: Fly out, F1 (Line Drive, P, EV 67.5 MPH)
Bottom of the 4th over - 0 runs, 1 hit, 0 errors, 1 left on base; Maine 5 - Orlando 2
TOP OF THE 5TH
Maine Grizzlies batting - Pitching for Orlando Wizards : LHP Anthony Baltodano
Batting: RHB Oscar Benjamin 0-0: Ground out 4-3 (Groundball, 4, EV 81.2 MPH)
Batting: RHB Romeo Zaragoza 0-0: Ball
1-0: Ball
2-0: Called Strike
2-1: Foul Ball, location: 2F
2-2: Ground out 6-3 (Groundball, 6, EV 80.6 MPH)
Batting: SHB Macario Flores 0-0: Called Strike
0-1: Foul Ball, location: 2F
0-2: Foul Ball, location: 2F
0-2: Ball
1-2: Ball
2-2: Fly out, F4 (Popup, 4D, EV 46.9 MPH)
Top of the 5th over - 0 runs, 0 hits, 0 errors, 0 left on base; Maine 5 - Orlando 2
BOTTOM OF THE 5TH
Orlando Wizards batting - Pitching for Maine Grizzlies : LHP Victor Figueroa
Batting: RHB Frank Macias 0-0: Fly out, F8 (Flyball, 8RD, EV 96.2 MPH)
Batting: LHB Bridger Davis 0-0: Called Strike
0-1: SINGLE (Flyball, 7LS, EV 93.8 MPH)
Batting: RHB Ryan DesMarais 0-0: Ball
1-0: Ball
2-0: Fly out, F8 (Line Drive, 8LM, EV 98.1 MPH)
Batting: LHB Danny Gore 0-0: Ball
1-0: Ball
2-0: Foul Ball, location: 2F
2-1: Ball
3-1: Swinging Strike
3-2: Strikes out swinging
Bottom of the 5th over - 0 runs, 1 hit, 0 errors, 1 left on base; Maine 5 - Orlando 2
TOP OF THE 6TH
Maine Grizzlies batting - Pitching for Orlando Wizards : LHP Anthony Baltodano
Batting: RHB Bill Church 0-0: Swinging Strike
0-1: Ball
1-1: Swinging Strike
1-2: Strikes out swinging
Batting: RHB Tony Fortunato 0-0: Fly out, F9 (Line Drive, 9, EV 85.0 MPH)
Batting: RHB Matt Clark 0-0: Ball
1-0: Called Strike
1-1: TRIPLE (Flyball, 9D, EV 91.2 MPH)
Batting: SHB Santiago Siri 0-0: Called Strike
0-1: Called Strike
0-2: Ball
1-2: Foul Ball, location: 2F
1-2: Ball
2-2: Strikes out swinging
Top of the 6th over - 0 runs, 1 hit, 0 errors, 1 left on base; Maine 5 - Orlando 2
BOTTOM OF THE 6TH
Orlando Wizards batting - Pitching for Maine Grizzlies : LHP Victor Figueroa
Batting: SHB Elijah Looney 0-0: Foul Ball, location: 2F
0-1: Ball
1-1: Fly out, F8 (Flyball, 8LD, EV 86.2 MPH)
Batting: RHB Carey Speer 0-0: Swinging Strike
0-1: Ball
1-1: Ball
2-1: Called Strike
2-2: Strikes out swinging, 2-3 out at first.
Batting: RHB Roberto Moscoso 0-0: SINGLE (Groundball, 34D, EV 108.8 MPH)
Batting: LHB Aaron Bush 0-0: Ball
1-0: Foul Ball, location: 2F
1-1: Ground out 4-3 (Groundball, 34, EV 89.4 MPH)
Bottom of the 6th over - 0 runs, 1 hit, 0 errors, 1 left on base; Maine 5 - Orlando 2
TOP OF THE 7TH
Maine Grizzlies batting - Pitching for Orlando Wizards : LHP Anthony Baltodano
Batting: RHB Jack Cerza 0-0: Ball
1-0: Foul Ball, location: 2F
1-1: SINGLE (Line Drive, 8LS, EV 106.2 MPH)
Batting: LHB Manny Fuchillo 0-0: Ball
1-0: Ball
2-0: Ball
3-0: Called Strike
3-1: Base on Balls
Jack Cerza to second
Batting: RHB Oscar Benjamin 0-0: Foul Ball, location: 2F
0-1: Foul Ball, location: 2F
0-2: Hit by Pitch
Jack Cerza to third
Manny Fuchillo to second
Batting: RHB Romeo Zaragoza 0-0: Ball
1-0: Ball
2-0: GRAND SLAM HOME RUN (Flyball, 8RXD, EV 104.4 MPH), Distance : 422 ft
Batting: SHB Macario Flores 0-0: Ball
1-0: Called Strike
1-1: Ball
2-1: Called Strike
2-2: DOUBLE (Line Drive, 5D, EV 106.9 MPH)
Batting: RHB Bill Church 0-0: Foul Ball, location: 2F
0-1: Ball
1-1: Ball
2-1: Swinging Strike
2-2: Ball
3-2: Foul Ball, location: 2F
3-2: Foul Ball, location: 2F
3-2: Foul Ball, location: 2F
3-2: Base on Balls
Batting: RHB Tony Fortunato 0-0: Ball
1-0: Called Strike
1-1: Fly out, F7 (Flyball, 7, EV 76.9 MPH)
Batting: RHB Matt Clark 0-0: Foul Ball, location: 2F
0-1: Foul Ball, location: 2F
0-2: Ball
1-2: Ball
2-2: Foul Ball, location: 2F
2-2: Fly out, F8 (Flyball, 8LXD, EV 107.5 MPH)
Batting: SHB Santiago Siri 0-0: Fielders Choice at 2nd, 5-4 (Groundball, 5, EV 100.6 MPH)
Top of the 7th over - 4 runs, 3 hits, 0 errors, 2 left on base; Maine 9 - Orlando 2
BOTTOM OF THE 7TH
Orlando Wizards batting - Pitching for Maine Grizzlies : LHP Victor Figueroa
Batting: LHB Marcello Jackson 0-0: Ball
1-0: Ball
2-0: Called Strike
2-1: Ball
3-1: SINGLE (Groundball, 4MS, EV 95.6 MPH)
Batting: RHB Frank Macias 0-0: Ball
1-0: Called Strike
1-1: Foul Ball, location: 2F
1-2: Strikes out swinging
Pitching: RHP Danny Zanchi
Batting: LHB Bridger Davis 0-0: Called Strike
0-1: Fielders Choice at 2nd, 6-4 (Groundball, 56, EV 85.0 MPH)
Pinch Hitting: LHB Tim Combs 0-0: Ball
1-0: Foul Ball, location: 2F
1-1: Fielders Choice at 2nd, 5-4 (Groundball, 5L, EV 102.5 MPH)
Bottom of the 7th over - 0 runs, 1 hit, 0 errors, 1 left on base; Maine 9 - Orlando 2
TOP OF THE 8TH
Maine Grizzlies batting - Pitching for Orlando Wizards : LHP Anthony Baltodano
Now at 1B: Richie Muray
Batting: RHB Jack Cerza 0-0: Fly out, F6 (Flyball, 56D, EV 85.0 MPH)
Batting: LHB Manny Fuchillo 0-0: Called Strike
0-1: Ball
1-1: Ball
2-1: Ball
3-1: Base on Balls
Pitching: LHP Josh Burr
Batting: RHB Oscar Benjamin Pickoff Throw to First - Error! E1
Manny Fuchillo to second
0-0: Called Strike
0-1: Swinging Strike
0-2: Ball
1-2: SINGLE (Line Drive, 89M, EV 100.0 MPH)
Manny Fuchillo to third
Batting: RHB Romeo Zaragoza 0-0: Called Strike
0-1: Fly out, F8 (Flyball, 78S, EV 90.0 MPH)
Pitching: LHP Randy Torres
Batting: SHB Macario Flores 0-0: Called Strike
0-1: Foul Ball, location: 2F
0-2: Strikes out swinging
Top of the 8th over - 0 runs, 1 hit, 1 error, 2 left on base; Maine 9 - Orlando 2
BOTTOM OF THE 8TH
Orlando Wizards batting - Pitching for Maine Grizzlies : RHP Danny Zanchi
Batting: LHB Danny Gore 0-0: Fly out, F6 (Flyball, 56D, EV 75.6 MPH)
Batting: SHB Elijah Looney 0-0: Called Strike
0-1: Ball
1-1: DOUBLE (Flyball, 89XD, EV 103.8 MPH)
Batting: RHB Carey Speer 0-0: Ball
1-0: Called Strike
1-1: Foul Ball, location: 2F
1-2: Foul Ball, location: 2F
1-2: Strikes out swinging
Batting: RHB Roberto Moscoso 0-0: Called Strike
0-1: Ball
1-1: Ball
2-1: Ball
3-1: Base on Balls
Batting: LHB Aaron Bush 0-0: Called Strike
0-1: Swinging Strike
0-2: Strikes out looking
Bottom of the 8th over - 0 runs, 1 hit, 0 errors, 2 left on base; Maine 9 - Orlando 2
TOP OF THE 9TH
Maine Grizzlies batting - Pitching for Orlando Wizards : LHP Randy Torres
Batting: RHB Bill Church 0-0: Ground out 6-3 (Groundball, 6, EV 85.0 MPH)
Batting: RHB Tony Fortunato 0-0: Swinging Strike
0-1: Swinging Strike
0-2: Foul Ball, location: 2F
0-2: Ball
1-2: Ball
2-2: Strikes out swinging
Batting: RHB Matt Clark 0-0: Ball
1-0: Ball
2-0: Called Strike
2-1: Ball
3-1: Base on Balls
Batting: SHB Santiago Siri 0-0: Foul Ball, location: 2F
0-1: Ball
1-1: Ball
2-1: Called Strike
2-2: Foul Ball, location: 2F
2-2: Foul Ball, location: 2F
2-2: Fly out, F9 (Flyball, 89D, EV 101.2 MPH)
Top of the 9th over - 0 runs, 0 hits, 0 errors, 1 left on base; Maine 9 - Orlando 2
BOTTOM OF THE 9TH
Orlando Wizards batting - Pitching for Maine Grizzlies : RHP Danny Zanchi
Batting: LHB Marcello Jackson 0-0: Called Strike
0-1: Fly out, F9 (Line Drive, 9, EV 101.2 MPH)
Batting: RHB Frank Macias 0-0: Ball
1-0: Called Strike
1-1: Foul Ball, location: 2F
1-2: Ball
2-2: Strikes out swinging, 2-3 out at first.
Batting: LHB Bridger Davis 0-0: Ground out 4-3 (Groundball, 4, EV 89.4 MPH)
Bottom of the 9th over - 0 runs, 0 hits, 0 errors, 0 left on base; Maine 9 - Orlando 2
Thursday, April 18th , 2024 - OOTP Baseball 24.11 Build 85